Map: Persephone LE

Players

bones

  • Race: Terran Terran
  • Spawn Location: 11:00

A.I. 1 (Very Easy)

  • Race: Zerg Zerg
  • Spawn Location: 7:00

VOD

Have the link to the VOD?

Description

Time

  • Played on: Aug. 9, 2025, 7:06 p.m.
  • Length: 10:53
Show
View Real Time Build Order
Export as new Build Order

bones Terran 

Build Orders: Liberator Opening, Reaper Expand 

Get SALT Encoding   

  12  0:00  SCV  
  13  0:12  SCV  
  14  0:18  Supply Depot  
  14  0:25  SCV  
  15  0:39  SCV  
  15  0:41  Barracks  
  16  0:45  Refinery  
  16  0:51  SCV  
  17  1:04  SCV  
  18  1:16  SCV  
  19  1:28  Orbital Command  
  19  1:31  Reaper  
  20  1:40  Command Center  
  20  1:50  Supply Depot  
  20  1:53  SCV  
  21  2:03  Marine  
  22  2:08  Factory  
  22  2:19  SCV  
  23  2:24  Refinery  
  23  2:25  Barracks Reactor  
  23  2:40  SCV  
  24  2:52  Orbital Command, SCV  
  24  2:55  Starport  
  25  3:05  SCV  
  26  3:09  Barracks Tech Lab  
  26  3:10  Hellion x2  
  30  3:20  SCV x2  
  32  3:32  SCV x2  
  34  3:35  Supply Depot  
  34  3:36  Liberator  
  39  3:41  Hellion x2  
  39  3:44  Stimpack  
  39  3:46  SCV x2  
  43  3:58  SCV x2  
  45  4:06  Hellion x2  
  49  4:10  SCV x2  
  49  4:16  Command Center  
  51  4:22  Starport Reactor, SCV  
  51  4:23  SCV  
  53  4:29  Barracks  
  53  4:30  Barracks, Engineering Bay  
  53  4:34  SCV  
  53  4:35  Engineering Bay  
  54  4:41  Refinery  
  54  4:44  Refinery  
  54  4:53  Supply Depot  
  54  5:07  Factory Tech Lab  
  54  5:10  Terran Infantry Weapons Level 1, Starport Reactor, Terran Infantry Armor Level 1  
  54  5:14  Marine, SCV x2  
  54  5:19  Supply Depot  
  59  5:24  Combat Shield  
  59  5:26  SCV x2  
  59  5:27  Siege Tank  
  62  5:32  Marine  
  63  5:35  Marine  
  63  5:36  Marine x3  
  63  5:38  SCV  
  68  5:44  Supply Depot, SCV  
  68  5:46  Supply Depot  
  68  5:47  Orbital Command  
  69  5:50  Marine  
  69  5:51  SCV  
  69  5:53  Medivac, Marine  
  69  5:54  Medivac, Marine  
  77  6:03  Siege Tank, Orbital Command  
  77  6:04  SCV x2  
  82  6:07  Marine  
  83  6:16  SCV x2  
  85  6:26  Supply Depot  
  85  6:28  SCV  
  86  6:33  Marine x5  
  86  6:37  Supply Depot  
  95  6:43  Armory  
  91  6:48  Barracks  
  91  6:50  Barracks  
  91  6:51  Marine x3  
  91  6:52  Siege Tank  
  97  6:55  Starport Reactor  
  97  6:59  Supply Depot  
  97  7:07  Marine x2  
  99  7:08  Marine  
  100  7:17  Supply Depot  
  100  7:21  Marine x2  
  102  7:23  Supply Depot  
  102  7:24  Marine  
  102  7:25  Marine  
  102  7:26  Marine  
  105  7:30  Terran Infantry Weapons Level 2, Terran Infantry Armor Level 2  
  105  7:32  Terran Vehicle Weapons Level 1  
  105  7:39  Marine x2  
  105  7:40  Supply Depot  
  107  7:46  Medivac x2, Marine x2  
  107  7:47  Marine  
  115  7:52  Barracks Tech Lab x2  
  115  7:56  Siege Tank, Marine  
  115  7:57  Marine  
  119  8:03  SCV x2  
  119  8:04  Barracks  
  122  8:05  SCV  
  122  8:13  Supply Depot  
  122  8:15  SCV x2  
  122  8:17  SCV  
  125  8:21  Command Center, Marine, Marauder  
  125  8:22  Marine  
  129  8:43  Marauder x3  
  129  8:44  Marine x4  
  129  8:47  Siege Tank  
  75  8:48  Medivac  
  142  8:51  SCV x3  
  142  8:54  Refinery  
  142  8:55  Refinery  
  147  9:01  Marine  
  147  9:02  Marine x3  
  151  9:03  SCV  
  151  9:04  Marauder  
  151  9:05  Marauder x2  
  151  9:09  SCV x2  
  160  9:15  SCV  
  161  9:19  Marine x2  
  161  9:20  Marine x2  
  165  9:28  Supply Depot  
  165  9:33  Marine x2, Marauder x3, SCV x3  
  165  9:37  Marine x4  
  180  9:50  SCV  
  180  9:51  Marine x2  
  180  9:52  Supply Depot x2  
  183  9:54  Marine x2  
  183  9:55  Marine, Marauder  
  188  10:11  Command Center  
  188  10:13  Marine x8  
  196  10:15  Supply Depot  
  196  10:16  Marauder  
  198  10:31  Marine x2  
Show
View Real Time Build Order
Export as new Build Order

A.I. 1 (Very Easy) Zerg 

Build Orders: Pool First 

Get SALT Encoding   

  12  0:01  Drone  
  13  0:12  Overlord  
  13  0:16  Drone  
  14  0:35  Spawning Pool  
  13  0:36  Drone  
  13  0:41  Extractor  
  13  0:44  Drone  
  14  0:51  Overlord  
  14  1:22  Queen, Zergling x2  
  17  1:30  Roach Warren  
  16  1:33  Drone  
  16  1:38  Extractor  
  16  1:40  Drone  
  17  1:49  Zergling x2  
  18  1:59  Drone  
  19  2:06  Drone  
  20  2:16  Drone, Zergling x2  
  22  2:26  Overlord  
  22  2:29  Drone  
  23  2:37  Drone  
  24  2:43  Roach  
  26  2:44  Drone  
  27  5:17  Zergling x2  
  26  5:26  Drone  
  22  5:30  Queen  
  22  5:33  Drone  
  20  5:40  Drone  
  20  5:44  Zergling x2  
  20  5:47  Drone  
  21  5:54  Drone  
  21  6:02  Drone  
  21  6:09  Drone  
  22  6:11  Zergling x2  
  22  6:16  Drone  
  22  6:18  Queen  
  23  6:23  Drone  
  22  6:30  Drone  
  21  6:38  Drone  
  21  6:39  Roach  
  23  6:45  Drone  
  22  6:52  Drone  
  22  6:59  Drone  
  22  7:02  Queen  
  22  7:06  Drone, Zergling x2  
  23  7:14  Drone  
  21  7:21  Drone  
  20  7:23  Hatchery  
  20  7:28  Drone  
  19  7:35  Drone  
  18  7:39  Lair  
  18  7:41  Zergling x2  
  18  7:42  Drone  
  19  7:50  Drone  
  16  7:57  Drone  
  12  8:08  Drone  
  12  8:09  Zergling x2  
  12  8:15  Drone  
  12  8:22  Drone  
  11  8:29  Drone  
  10  8:36  Drone  
  10  8:37  Overseer  
  10  8:38  Zergling x2  
Tags
 
Add a new tag
Caveats
  • Supply blocks, unpowered buildings, or Contaminate may cause inaccurate times.
  • Supply counts are checked every 10 seconds.